 Dungeon Crawl Stone Soup version 0.32-a0-699-g1ee5eff69a (webtiles) character file.

Game seed: 6260297616615547519

3493 croobank the Covert (level 10, -8/66 HPs)
             Began as an Octopode Summoner on Mar 13, 2024.
             Shot with an arrow by a centaur (14 damage)
             ... on level 7 of the Dungeon on Mar 14, 2024.
             The game lasted 00:28:16 (7845 turns).

croobank the Covert (Octopode Summoner)             Turns: 7845, Time: 00:28:17

Health: -8/66      AC:  1    Str:  8    XL:     10   Next: 7%
Magic:  12/18      EV: 13    Int: 22    God:
Gold:   289        SH:  4    Dex: 12    Spells: 5/19 levels left

rFire   + . .        c - +0 short sword
rCold   . . .        w - +0 buckler of the Glowing Gods {rPois rF+ rN+}
rNeg    + . .        (helmet restricted)
rPois   +            (no amulet)
rElec   .            (no ring)
rCorr   .            (no ring)
SInv    .            (no ring)
Will    .....        (no ring)
Stlth   +++++        (no ring)
HPRegen 0.31/turn    (no ring)
MPRegen 0.16/turn    (no ring)
                     (no ring)

%: no passive effects
@: inugami summoned
A: almost no armour, amphibious, 8 rings, camouflage 1, gelatinous body 1,
(nimble swimmer 1), tentacles
a: no special abilities


You were on level 7 of the Dungeon.
You visited 2 branches of the dungeon, and saw 8 of its levels.

You collected 289 gold pieces.

Inventory:

Hand Weapons
 c - a +0 short sword (weapon)
 r - a +1 trident of venom
Missiles
 o - 4 boomerangs
 A - 3 poisoned darts
Armour
 w - the +0 buckler of the Glowing Gods (worn) {rPois rF+ rN+}
   (You found it on level 6 of the Dungeon)

   rF+:       It protects you from fire.
   rPois:     It protects you from poison.
   rN+:       It protects you from negative energy.
Jewellery
 B - an amulet of regeneration
Talismans
 f - a flux talisman
 q - a beast talisman
 v - a serpent talisman
Wands
 b - a wand of polymorph (4)
 i - a wand of digging (12)
 j - a wand of flame (23)
 z - a wand of mindburst (14)
Scrolls
 e - a scroll of vulnerability
 n - 3 scrolls of enchant armour {unknown}
 t - a scroll of amnesia {unknown}
 y - a scroll of enchant weapon {unknown}
Potions
 a - 2 potions of magic
 d - 2 potions of cancellation
 g - 2 potions of curing
 h - a potion of ambrosia
 l - a potion of haste
 p - a potion of lignification
 s - 2 potions of heal wounds {unknown}
 u - a potion of mutation {unknown}
 x - a potion of invisibility {unknown}


   Skills:
 + Level 5.3 Fighting
 + Level 5.8 Dodging
 + Level 8.3 Stealth
 * Level 3.0 Shields
 + Level 5.3 Spellcasting
 + Level 6.7 Summonings
 - Level 5.0 Fire Magic
 * Level 2.4 Air Magic


You had 5 spell levels left.
You knew the following spells:

 Your Spells              Type           Power      Damage    Failure   Level
a - Summon Small Mammal   Summ           100%       N/A       1%          1
b - Call Imp              Summ           70%        N/A       1%          2
c - Call Canine Familiar  Summ           35%        N/A       2%          3
d - Summon Blazeheart Go  Fire/Summ      31%        N/A       13%         4
e - Summon Lightning Spi  Summ/Air       26%        N/A       22%         4

Your spell library contained the following spells:

 Spells                   Type           Power      Damage    Failure   Level
 Cigotuvi's Dreadful Rot  Necr/Alch/Air  18%        N/A       16%         2
 Martyr's Knell           Necr/Summ      20%        N/A       36%         4
 Dispel Undead            Necr           5%         3d7       82%         4


Dungeon Overview and Level Annotations

Branches:
Dungeon (7/15)             Temple (1/1) D:7

Altars:
Ashenzari
Cheibriados
Dithmenos
Elyvilon
Fedhas
Gozag
Hepliaklqana
Kikubaaqudgha
Makhleb
Nemelex Xobeh
Okawaru
Qazlal
Ru
Sif Muna
Trog
Uskayaw
Vehumet
Wu Jian
Xom
Yredelemnul
Zin


Innate Abilities, Weirdness & Mutations

You cannot wear most types of armour.
You are amphibious.
You can wear up to eight rings at the same time.
Your skin changes colour to match your surroundings (Stealth+).
Your rubbery body absorbs attacks. (AC +1, EV +1)
((You are camouflaged when in or above water. (Stealth+)))
You have tentacles for arms and can constrict up to eight enemies at once.


Message History

* * * LOW HITPOINT WARNING * * *
The centaur kicks you.
* * * LOW HITPOINT WARNING * * *
Your inugami hits the centaur but does no damage.
You barely miss the centaur.
You squeeze the centaur, but do no damage.
The centaur is lightly wounded.
The centaur barely misses you. The centaur completely misses you.
The centaur hits you.
* * * LOW HITPOINT WARNING * * *
The centaur barely misses you.
Your inugami barely misses the centaur.
You hit the centaur but do no damage. Your squeeze misses the centaur.
The centaur hits you.
* * * LOW HITPOINT WARNING * * *
The centaur kicks you.
* * * LOW HITPOINT WARNING * * *
Your inugami hits the centaur. The centaur barely misses you.
The centaur kicks you.
* * * LOW HITPOINT WARNING * * *
Aiming: Polymorph
Press: ? - help, Shift-Dir - straight line, f - centaur
Aim: a centaur, wearing a +0 robe (lightly wounded, ally target, will become a bullfrog, a ribbon worm, or a sky beast, chance to affect: 49%)
Okay, then.
Okay, then.
Casting: Call Canine Familiar (dangerous; 2% risk of failure)
Confirm with . or Enter, or press ? or * to list all spells.
A fiery spirit appears, bound in slag iron.
The centaur hits you but does no damage.
The centaur closely misses you.
Your inugami hits the centaur. You hit the centaur but do no damage.
Your squeeze misses the centaur.
The centaur is moderately wounded.
The centaur barely misses you.
The centaur kicks you but does no damage.
Your inugami hits the centaur. The centaur hits you.
* * * LOW HITPOINT WARNING * * *
The centaur kicks you.
* * * LOW HITPOINT WARNING * * *
You swap places.
The centaur wields a +0 shortbow.
The centaur shoots an arrow.
The arrow closely misses your inugami. The arrow hits you!
You die...

###X#.# #....>.....##.##....#....
..#.#.# #..........##.##....#.###
#.#.#.# #........#.....>....#....
....#.# #....÷...#....#.....#.)##
....#.# ####...#.#.#..#.....#.)..
....#.### ##...)###.........'....
......).###..#...#...#......##).)
....#>#.##....#..9..#..)....##h))
....#.#....#####@hc#####....##.).
###.#.#.......#.....#.......##)†.
......#......#...#...#...........
#.........##....###....########.#
'.........###..#.# #.............
#................# ..########...#
.................# .## .......
#########.......... #...###.# #
#.........# #.K. ..#


You could see a centaur (ally target), a friendly blazeheart golem (summoned)
and a friendly inugami (summoned).

Vanquished Creatures
  3 yaks (D:6)
  Menkaure (D:4)
  A water moccasin (D:4)
  A sky beast (D:6)
  A black bear (D:7)
  A centaur (D:7)
  A phantom (D:3)
  A kobold brigand (D:7)
  A scorpion (D:5)
  A bombardier beetle (D:5)
  A hound (D:4)
  An orc priest (D:4)
  A gnoll bouda (D:7)
  4 iguanas
  2 orc wizards (D:5)
  7 gnolls
  2 adders
  7 orcs
  5 ball pythons
  2 endoplasms
  5 giant cockroaches
  8 goblins
  6 hobgoblins
  4 jackals
  3 quokkas
  5 bats
  A frilled lizard (D:2)
  4 kobolds
  8 rats
88 creatures vanquished.

Vanquished Creatures (collateral kills)
  Maggie (D:7)
  A nameless horror (D:7)
  Sigmund (D:2)
  Eustachio (D:5)
  2 yaks (D:6)
  2 ice beasts
  An ogre (D:7)
  A centaur (D:5)
  2 scorpions
  A bullfrog (D:7)
  A gnoll sergeant (D:6)
  A hound (D:5)
  2 orc priests
  A gnoll bouda (D:7)
  3 orc wizards (D:4)
  4 iguanas
  4 gnolls
  7 adders
  2 white imps
  A dart slug (D:2)
  2 ribbon worms (D:4)
  14 orcs
  2 endoplasms
  A hobgoblin (D:1)
  3 jackals
  3 ball pythons
  A frilled lizard (D:1)
  2 kobolds
  3 rats
70 creatures vanquished.

Vanquished Creatures (others)
  7 blazeheart cores
7 creatures vanquished.

Grand Total: 165 creatures vanquished

Notes
Turn   | Place    | Note
-------+----------+-------------------------------------------
     0 | D:1      | croobank the Octopode Summoner began the quest for the Orb.
     0 | D:1      | Reached XP level 1. HP: 11/11 MP: 3/3
   139 | D:1      | Reached skill level 3 in Stealth
   139 | D:1      | Reached XP level 2. HP: 17/17 MP: 0/5
   158 | D:1      | Learned a level 2 spell: Call Imp
   407 | D:1      | Reached XP level 3. HP: 22/22 MP: 4/6
   719 | D:1      | Learned a level 3 spell: Call Canine Familiar
   754 | D:2      | Reached skill level 1 in Fighting
   798 | D:2      | Noticed Sigmund
   809 | D:2      | Killed Sigmund
   810 | D:2      | Reached skill level 4 in Stealth
   810 | D:2      | Reached XP level 4. HP: 13/29 MP: 0/8
   810 | D:2      | Reached XP level 5. HP: 15/34 MP: 0/9
  1323 | D:2      | Reached XP level 6. HP: 39/39 MP: 10/10
  1409 | D:2      | Found a faded altar of an unknown god.
  2584 | D:3      | Reached skill level 5 in Stealth
  2736 | D:4      | Reached skill level 5 in Summonings
  2746 | D:4      | Noticed a water moccasin
  2755 | D:4      | Learned a level 4 spell: Summon Blazeheart Golem
  2780 | D:4      | Killed a water moccasin
  2781 | D:4      | Reached XP level 7. HP: 45/45 MP: 1/12
  3147 | D:4      | Reached skill level 1 in Fire Magic
  3269 | D:4      | Noticed Menkaure
  3276 | D:4      | Killed Menkaure
  3277 | D:4      | Reached skill level 6 in Stealth
  3277 | D:4      | Reached XP level 8. HP: 52/52 MP: 9/13
  3962 | D:5      | Entered Level 5 of the Dungeon
  4091 | D:5      | Found a snail-covered altar of Cheibriados.
  4092 | D:5      | Identified the +1 ring mail of Uhuev {rPois Int+3}
  4185 | D:5      | HP: 2/51 [adder (2)]
  4694 | D:5      | Found a stormy altar of Qazlal.
  4918 | D:5      | Noticed Eustachio
  4946 | D:5      | Killed Eustachio
  5465 | D:6      | Found a radiant altar of Vehumet.
  5600 | D:6      | Noticed a yak
  5601 | D:6      | Noticed a yak
  5601 | D:6      | Noticed a yak
  5602 | D:6      | Noticed a yak
  5609 | D:6      | Killed a yak
  5610 | D:6      | Reached skill level 5 in Dodging
  5610 | D:6      | Reached skill level 7 in Stealth
  5610 | D:6      | Reached XP level 9. HP: 53/59 MP: 11/15
  5718 | D:6      | Identified the +0 buckler of the Glowing Gods {rPois rF+
                  | rN+}
  5724 | D:6      | Learned a level 4 spell: Summon Lightning Spire
  5745 | D:6      | Found a glowing silver altar of Zin.
  5804 | D:6      | Reached skill level 1 in Shields
  6107 | D:6      | Reached skill level 5 in Spellcasting
  6482 | D:7      | Noticed Maggie
  6495 | D:6      | Reached skill level 5 in Fighting
  6795 | D:7      | Reached skill level 5 in Fire Magic
  7041 | D:7      | Reached skill level 8 in Stealth
  7041 | D:7      | Reached skill level 1 in Air Magic
  7134 | D:7      | Found a staircase to the Ecumenical Temple.
  7168 | Temple   | Entered the Ecumenical Temple
  7379 | D:7      | Noticed a nameless horror
  7421 | D:7      | Killed a nameless horror
  7634 | D:7      | Found a white marble altar of Elyvilon.
  7652 | D:7      | Killed Maggie
  7653 | D:7      | Reached XP level 10. HP: 45/66 MP: 13/18
  7845 | D:7      | Shot with an arrow by a centaur

Illustrated notes

Levels and vault maps discovered:
D:1:      minmay_arrival_plants_in_alcoves, layout_rooms
D:2:      layout_loops_ring, ebering_ecumenical_altar_hall,
          nicolae_underground_beach, uniq_sigmund
D:3:      kennysheep_big_flooded_room, layout_loops_cross,
          kennysheep_generic_room_10
D:4:      layout_loops_ring, grunt_decor_fettered, minmay_quantized,
          uniq_menkaure
D:5:      layout_cave_pools, mainiacjoe_overflow_24_doors, slow_altar_1,
          uniq_eustachio
D:6:      layout_basic, mainiacjoe_overflow_catwalk,
          mainiacjoe_overflow_cross_hatched
D:7:      layout_basic, mainiacjoe_overflow_brackets,
          minmay_temple_entry_arrows, nicolae_grassy_gnolls, uniq_maggie
Temple:   compressed_dpeg_triangle_lava_temple

Skill      XL: |  1  2  3  4  5  6  7  8  9 |
---------------+----------------------------+-----
Stealth        | 3 4 5 6 7 8 |  8.3
Fighting       | 2 3 4 5 |  5.3
Dodging        | 3 4 5 |  5.8
Spellcasting   | 3 4 5 |  5.3
Summonings     | 5 6 |  6.7
Fire Magic     | 1 3 5 |  5.0
Shields        | 3 |  3.0
Air Magic      | 2 |  2.4

Action                     |  1- 3 |  4- 6 |  7- 9 | 10-12 || total
---------------------------+-------+-------+-------+-------++-------
  Melee: Unarmed           |     2 |       |       |       ||     2
         Constrict         |     8 |    11 |    27 |       ||    46
         Tentacles         |     7 |     5 |    33 |     1 ||    46
         Short sword       |    26 |    44 |   110 |     7 ||   187
   Cast: Summon Small Mamm |    19 |     7 |    43 |       ||    69
         Call Imp          |     6 |     6 |    30 |       ||    42
         Call Canine Famil |     1 |     7 |    25 |     1 ||    34
         Summon Blazeheart |       |       |    11 |     1 ||    12
         Summon Lightning  |       |       |     2 |       ||     2
  Evoke: Wand              |       |       |     1 |       ||     1
    Use: Scroll            |       |       |    11 |       ||    11
         Potion            |       |       |     4 |       ||     4
   Stab: Sleeping          |     3 |     9 |     8 |       ||    20
         Distracted        |       |     1 |     1 |       ||     2
 Armour: Skin              |    17 |    29 |   109 |    18 ||   173
  Dodge: Dodged            |    16 |    21 |   100 |    14 ||   151
  Block: Buckler           |       |       |     7 |     5 ||    12

Table legend: (Time is in decaauts)
 A = Elapsed time spent in this place.
 B = Non-inter-level travel time spent in this place.
 C = Inter-level travel time spent in this place.
 D = Time resting spent in this place.
 E = Time spent auto-exploring this place.
 F = Levels seen in this place.
 G = Mean time per level.
                   A        B        C        D        E       F      G
               +--------+--------+--------+--------+--------+-----+--------+
         Total |   7830 |   7531 |    299 |   1346 |   4547 |   8 |  978.8 |
       Dungeon |   7814 |   7523 |    291 |   1346 |   4547 |   7 | 1116.3 |
        Temple |     15 |      7 |      8 |      0 |      0 |   1 |   15.0 |
               +--------+--------+--------+--------+--------+-----+--------+

Top non-repeatable levels by time:
     D:4: 1428 daAuts
     D:6: 1319 daAuts
     D:5: 1304 daAuts
     D:7: 1087 daAuts
     D:3: 993 daAuts
     D:2: 946 daAuts
     D:1: 735 daAuts
  Temple: 15 daAuts
